 Dungeon Crawl Stone Soup version 0.31-a0-523-g071a6c1ffa (webtiles) character file.

Game seed: 5700409180315419731

141 mopl the Ruffian (level 5, -2/26 HPs)
             Began as an Octopode Shapeshifter on Aug 11, 2023.
             Killed from afar by a dart slug (6 damage)
             ... with a slug dart
             ... on level 4 of the Dungeon.
             The game lasted 00:02:45 (1873 turns).

mopl the Ruffian (Octopode Shapeshifter)            Turns: 1873, Time: 00:02:45

Health: -2/26      AC:  1    Str: 15    XL:     5   Next: 24%
Magic:  5/5        EV: 13    Int: 10    God:
Gold:   1          SH:  0    Dex: 14    Spells: 4/4 levels left

rFire   . .          .
                       - Unarmed
rCold   . . .        (shield currently unavailable)
rNeg    . . .        (helmet restricted)
rPois   .            (no amulet)
rElec   .            (no ring)
rCorr   .            (no ring)
SInv    .            (no ring)
Will    .....        (no ring)
Stlth   +            (no ring)
HPRegen 0.24/turn    (no ring)
MPRegen 0.09/turn    (no ring)
                     (no ring)

%: no passive effects
@: flux-form, glowing
A: glow, contaminating, reduced hp, almost no armour, amphibious, 8 rings,
camouflage 1, gelatinous body 1, (nimble swimmer 1), tentacles
a: Begin Untransformation


You were on level 4 of the Dungeon.
You were something dangerously unstable.
You visited 2 branches of the dungeon, and saw 5 of its levels.

You collected 138 gold pieces.
You spent 137 gold pieces at shops.

Inventory:

Hand Weapons
 m - a +1 short sword of venom
Missiles
 h - 11 javelins
 i - 5 boomerangs
Talismans
 b - a beast talisman
 c - a flux talisman (active)
Scrolls
 k - 3 scrolls of teleportation {unknown}
 l - a scroll of immolation {unknown}
 o - a scroll of amnesia
 p - a scroll of blinking
 q - a scroll of fog {unknown}
 r - a scroll of noise {unknown}
 s - a scroll of enchant armour {unknown}
Potions
 a - a potion of lignification {!q}
 d - 2 potions of brilliance
 f - a potion of berserk rage {!q}
 g - a potion of mutation {!q}
 j - a potion of heal wounds
 n - a potion of curing


   Skills:
 + Level 1.9 Fighting
 + Level 2.7 Dodging
 * Level 4.2 Unarmed Combat
 * Level 3.8 Shapeshifting


You had 4 spell levels left.
You didn't know any spells.
Your spell library contained the following spells:

 Spells                   Type           Power      Damage    Failure   Level
 Foxfire                  Conj/Fire      0%         2x1d4     36%         1
 Freeze                   Ice            0%         1d3       36%         1
 Frozen Ramparts          Ice            0%         1d1       75%         3
 Hailstorm                Conj/Ice       0%         3d3       75%         3
 Plasma Beam              Fire/Air       0%         2x1d10    100%        6
 Starburst                Conj/Fire      0%         6d3       100%        6


Dungeon Overview and Level Annotations

Branches:
Dungeon (4/15)             Temple (1/1) D:4

Altars:
Cheibriados
Dithmenos
Elyvilon
Fedhas
Gozag
Hepliaklqana
Kikubaaqudgha
Makhleb
Nemelex Xobeh
Okawaru
Qazlal
Ru
Sif Muna
Wu Jian
Xom
Yredelemnul
The Shining One

Shops:
D:3 ?[*

Annotations:
Temple 2 transporters


Innate Abilities, Weirdness & Mutations

You are something dangerously unstable.
You glow with magical radiation, making you easy to see and hit.
Foes you strike become dangerously contaminated with magical radiation.
Your maximum health is decreased, since you lack skill for your form.
You are incapable of wielding weapons or throwing items.
You cannot wear most types of armour.
You are amphibious.
You can wear up to eight rings at the same time.
Your skin changes colour to match your surroundings (Stealth+).
Your rubbery body absorbs attacks. (AC +1, EV +1)
((You are camouflaged when in or above water. (Stealth+)))
You have tentacles for arms and can constrict up to eight enemies at once.


Message History

No target in view!
h - 11 javelins (gained 6)
f - a fuming dark potion HP restored.
Found a stone staircase leading up.
There is a staircase to the Ecumenical Temple here.
You climb downwards.
Welcome to the Ecumenical Temple!
Found seven altars.
Found a staircase back to the Dungeon.
Found two transporters.
There is a staircase back to the Dungeon here.
You climb upwards.
Welcome back to the Dungeon!
There is a staircase to the Ecumenical Temple here.
As you read the scroll of identify, it crumbles to dust.
f - a potion of berserk rage Natasha, Servant of Life and Death comes into view.
Natasha hisses angrily.
Natasha stares at you and mumbles some strange words.
The magic dart hits you!
A dart slug comes into view.
Natasha claws you.
You closely miss Natasha. You grab Natasha. You constrict Natasha.
Natasha misses you.
You tentacle-slap Natasha.
Natasha begins to glow.
You squeeze Natasha, but do no damage.
Natasha is moderately wounded.
You constrict Natasha. The dart slug launches a dart at you.
The slug dart misses you. Natasha claws you!
* * * LOW HITPOINT WARNING * * *
You tentacle-slap Natasha but do no damage.
Natasha glows dangerously bright.
Natasha is moderately wounded.
You constrict Natasha. Natasha claws you.
* * * LOW HITPOINT WARNING * * *
You tentacle-slap Natasha.
Natasha shudders as magic cascades through her!!
You kill Natasha!
Suddenly Natasha's spirit rises from her lifeless body.
The dart slug launches a dart at you. The slug dart hits you.
You die...

....#####...<...........
#......###........###...
............#...........
.#.#....†.#........... ......
..........#..#........# ....#
.#.#.........#....#...#.....#
...........#.#.#..#####......
.........(..###....## #w.....
.#.......#...#..B#..##.......
#...#....#.....#....#.......
...#...#####.>.#####.w.......
...#.#.. #.....#....#.......
...#.#.. #...#...#..##....##.
# ....###..... ##### #...#
#....# ...<. ....#.. ..###
#....#..


You could see a dart slug.

Vanquished Creatures
  Natasha (D:4)
  6 adders
  An ufetubus (D:3)
  2 worms
  An orc (D:3)
  8 bats
  3 endoplasms
  A giant cockroach (D:1)
  4 goblins
  4 hobgoblins
  4 quokkas
  4 ball pythons
  2 frilled lizards (D:1)
  8 kobolds
  4 rats
53 creatures vanquished.

Notes
Turn   | Place    | Note
-------+----------+-------------------------------------------
     0 | D:1      | mopl the Octopode Shapeshifter began the quest for the Orb.
     0 | D:1      | Reached XP level 1. HP: 13/13 MP: 1/1
   132 | D:1      | Reached XP level 2. HP: 12/18 MP: 2/2
   603 | D:2      | Reached XP level 3. HP: 16/23 MP: 3/3
   799 | D:2      | Reached XP level 4. HP: 16/28 MP: 4/4
  1312 | D:3      | Reached skill level 4 in Unarmed Combat
  1352 | D:3      | Found Veimi's Armour Shoppe.
  1386 | D:3      | Found Dimats's Magic Scroll Shop.
  1391 | D:3      | Bought a scroll of amnesia for 40 gold pieces
  1391 | D:3      | Bought a scroll of blinking for 75 gold pieces
  1521 | D:3      | Found a faded altar of an unknown god.
  1544 | D:3      | Identified the +1 leather armour "Gacyc" {Will- Str+4}
  1626 | D:3      | Found Roshrett's General Store.
  1630 | D:3      | Bought a scroll of identify for 22 gold pieces
  1818 | D:4      | Reached XP level 5. HP: 26/34 MP: 5/5
  1818 | D:4      | Found a staircase to the Ecumenical Temple.
  1853 | Temple   | Found a transporter.
  1853 | Temple   | Found a transporter.
  1853 | Temple   | Found a transporter.
  1853 | Temple   | Found a transporter.
  1853 | Temple   | Entered the Ecumenical Temple
  1861 | D:4      | Noticed Natasha
  1868 | D:4      | Killed Natasha
  1873 | D:4      | Killed from afar by a dart slug

Illustrated notes

Levels and vault maps discovered:
D:1:      roderic_crop_circles_arrival_small, layout_basic
D:2:      layout_rooms, serial_park_tiny_1
D:3:      layout_basic, serial_shops, shop, nicolae_shop_hallway_plus,
          nicolae_shop_back_alley_shop, hellmonk_ecumenical_altar_heavens_door
D:4:      layout_basic, minmay_temple_entry_arrows, serial_glass,
          glass_columns_a, glass_columns_a, nicolae_shop_dragon_depot,
          uniq_menkaure, uniq_natasha, uniq_pikel, uniq_crazy_yiuf_cottage
Temple:   hellmonk_temple_divided_pantheon

Skill      XL: |  1  2  3  4 |
---------------+-------------+-----
Unarmed Combat | 4 |  4.2
Fighting       | |  1.9
Dodging        | |  2.7
Shapeshifting  | |  3.8

Action                     |  1- 3 |  4- 6 || total
---------------------------+-------+-------++-------
  Melee: Unarmed           |    66 |    58 ||   124
         Constrict         |    27 |    19 ||    46
         Tentacles         |    15 |    12 ||    27
    Use: Scroll            |       |     6 ||     6
   Stab: Sleeping          |     1 |     3 ||     4
 Armour: Skin              |     2 |     4 ||     6
  Dodge: Dodged            |    55 |    29 ||    84
   Form: Flux              |     1 |       ||     1

Table legend: (Time is in decaauts)
 A = Elapsed time spent in this place.
 B = Non-inter-level travel time spent in this place.
 C = Inter-level travel time spent in this place.
 D = Time resting spent in this place.
 E = Time spent auto-exploring this place.
 F = Levels seen in this place.
 G = Mean time per level.
                   A        B        C        D        E       F      G
               +--------+--------+--------+--------+--------+-----+--------+
         Total |   1865 |   1814 |     51 |    242 |   1199 |   5 |  373.0 |
       Dungeon |   1863 |   1813 |     50 |    242 |   1199 |   4 |  465.8 |
        Temple |      1 |      1 |      0 |      0 |      0 |   1 |    1.0 |
               +--------+--------+--------+--------+--------+-----+--------+

Top non-repeatable levels by time:
     D:3: 692 daAuts
     D:1: 582 daAuts
     D:2: 530 daAuts
     D:4: 59 daAuts
  Temple: 1 daAuts
